[Event "44th Chess Olympiad Women 2022"]
[Site "Chennai"]
[Date "2022.07.29"]
[Round "1.51"]
[White "San Diego, Marie Antoinette"]
[Black "O`Gorman, Alice"]
[Result "0-1"]
[WhiteElo "2101"]
[BlackElo "2043"]
[Annotator "NA RC"]
[PlyCount "48"]
[EventDate "2022.??.??"]
[TimeControl "60"]

1. e4 e5 2. Nf3 Nf6 3. Nc3 Nc6 4. Bc4 Nxe4 5. Nxe4 d5 6.
d3 dxc4 7. O-O cxd3 8. cxd3 Bg4 9. Re1 Be7 10. Qb3 Bxf3 11.
gxf3 Nd4 12. Qa4+ c6 13. Re3 f5 14. Nd2 O-O 15. Rxe5 Bg5 16.
Kf1 Bxd2 17. Bxd2 Nxf3 18. Qf4 Nxe5 19. Qxe5 Qxd3+ 20. Qe2 Qh3+ 21. Kg1 Rf6 22. Kh1 Rd8 23. Bg5 Rg6 24. Bxd8 Qg2# 0-1

[Event "44th Chess Olympiad Women 2022"]
[Site "Chennai"]
[Date "2022.07.29"]
[Round "1.52"]
[White "Foudzi, Siti Zulaikha"]
[Black "Nosimilo, Mkhonto"]
[Result "1-0"]
[WhiteElo "2188"]
[BlackElo "1313"]
[Annotator "ChessBase"]
[PlyCount "74"]
[EventDate "2022.??.??"]
[TimeControl "60"]

1. e4 e5 2. Nf3 Nc6 3. Bb5 d6 4. h3 Bd7 5. c3 Nf6 6. Qe2 Be7 7. O-O O-O 8. d4 a6 9. Bc4 Qc8 10. Kh2 Bd8 11. Re1 Re8 12. Nbd2 b5 13.
Bb3 Nh5 14. Nf1 Na5 15. Nxe5 dxe5 16. Qxh5 Nxb3 17. axb3 Bf6 18. d5 g6 19. Qe2 c6 20. c4 cxd5 21. cxd5 Qc5 22. Be3 Qb4 23. Qd3 Rec8 24. Rec1 Rxc1 25. Rxc1 Rc8 26. Ra1 Ra8 27. Nd2 Qe7 28. d6 Qf8 29. b4 Kg7 30. Nb3 Qe8 31. Nc5 Qc8 32. Rc1 Qd8 33.
Qd5 Rc8 34. Nxd7 Qxd7 35. Rxc8 Qxc8 36. d7 Qc7 37. Bc5 Kh6 1-0

[Event "44th Chess Olympiad Women 2022"]
[Site "Chennai"]
[Date "2022.07.29"]
[Round "1.52"]
[White "Nomcebo, Sibisi"]
[Black "Azhar, Puteri Munajjah Az-"]
[Result "0-1"]
[WhiteElo "1225"]
[BlackElo "2018"]
[Annotator "NA"]
[PlyCount "20"]
[EventDate "2022.??.??"]
[TimeControl "60"]

1. d4 Nf6 2. Nf3 d6 3. g3 g6 4. Bg2 Bg7 5. O-O O-O 6. b3 c6 7. Bb2 Qc7 8. c4 Nbd7 9. Nbd2 Re8 10. Rc1 e5 0-1

[Event "44th Chess Olympiad Women 2022"]
[Site "Chennai"]
[Date "2022.07.29"]
[Round "1.53"]
[White "Acham, Meritza"]
[Black "Petricenco, Ana"]
[Result "0-1"]
[WhiteElo "1397"]
[BlackElo "1912"]
[Annotator "NA RC"]
[PlyCount "88"]
[EventDate "2022.??.??"]
[TimeControl "60"]

1. d4 d5 2. Bf4 c5 3. e3 Nc6 4. Nf3 Nf6 5. c3 Qb6 6. Qc1 Bf5 7. Be2 e6 8. Nh4 Bg6 9. Nxg6 hxg6 10. O-O Rc8 11. Nd2 Be7 12. Rb1 Qd8 13. Qc2 cxd4 14. exd4 Nxd4 15. Qa4+ Nc6 16. Bb5 a6 17. Bxc6+ Rxc6 18. Nf3 b5 19. Qc2 Rc4 20. Be3 Bd6 21. Bd4 Qb8 22. g3 O-O 23. Rbe1 Ne4 24. Nh4 Ng5 25. f4 Ne4 26. Nf3 Rfc8 27. Nd2 Rxd4 28. Nxe4 Rxe4 29. Rxe4 dxe4 30. Qxe4 Qb6+ 31. Kg2 Qc6 32. Re1 Qxe4+ 33. Rxe4 Kf8 34. Kf3 Ke7 35. a4 Rc4 36. axb5 axb5 37. Ke3 Bc5+ 38. Kd3 Rxe4 39. Kxe4 Kd6 40. g4 f5+ 41. Kf3 Kd5 42. b3 Bb6 43. h3 Ba5 44. b4 Bc7 0-1

[Event "44th Chess Olympiad Women 2022"]
[Site "Chennai"]
[Date "2022.07.29"]
[Round "1.54"]
[White "Avila Fraire, Ameyalli"]
[Black "Johnson, Nellisha"]
[Result "1-0"]
[WhiteElo "1907"]
[BlackElo "1093"]
[Annotator "NA"]
[PlyCount "75"]
[EventDate "2022.??.??"]
[TimeControl "60"]

1. e4 e5 2. Nf3 Nc6 3. d4 exd4 4. Nxd4 Nxd4 5. Qxd4 d6 6.
Nc3 Nf6 7. Bg5 Be7 8. O-O-O O-O 9. h4 h5 10. Be2 Bg4 11. f3 Be6 12. g4 c5 13. Qe3 a6 14. gxh5 Nxh5 15. Rdg1 f6 16. Bh6 Rf7 17. f4 Nxf4 18.
Qxf4 Kh7 19. Bh5 gxh6 20. Bg6+ Kg8 21. Bf5+ Kf8 22. Bxe6 Ke8 23. Qxh6 Bf8 24. Qh5 Qe7 25. Nd5 Bh6+ 26. Kb1 Qf8 27. Rg8 Qxg8 28. Nxf6+ Ke7 29. Nxg8+ Kxe6 30. Qd5+ Kd7 31. Qxf7+ Kc6 32. Qd5+ Kc7 33. Rf1 Rf8 34. Rxf8 Bxf8 35. Nf6 Be7 36. Qf7 Kd8 37. Qe8+ Kc7 38. Nd5# 1-0

[Event "44th Chess Olympiad Women 2022"]
[Site "Chennai"]
[Date "2022.07.29"]
[Round "1.54"]
[White "Callender, Jessica"]
[Black "Hernandez Diaz, Paula Sofia"]
[Result "0-1"]
[WhiteElo "1295"]
[BlackElo "1751"]
[Annotator "NA"]
[PlyCount "62"]
[EventDate "2022.??.??"]
[TimeControl "60"]

1. e4 c5 2. c4 Nc6 3. Nc3 e5 4. d3 g6 5. Nge2 Bg7 6. Bd2 Nge7 7. a3 a5 8. g3 O-O 9. Bg2 d6 10. h3 Rb8 11. Rb1 Be6 12. f4 f5 13. Nd5 b5 14. Qc2 fxe4 15.
Bxe4 Kh8 16. O-O Bxh3 17. Rf2 Nf5 18. Bxf5 Bxf5 19. Rh2 exf4 20. Bxf4 Ne5 21. Bxe5 Bxe5 22. Kg2 Qg5 23. Qc1 Qxc1 24. Rxc1 Bxd3 25. Nef4 bxc4 26. Nxg6+ Bxg6 27. Nf4 Rxb2+ 28.
Kg1 Bd4+ 29. Kh1 Be4+ 30. Ng2 Rff2 31. Re1 Bxg2+ 0-1

[Event "44th Chess Olympiad Women 2022"]
[Site "Chennai"]
[Date "2022.07.29"]
[Round "1.54"]
[White "Guerrero Rodriguez, Alejandra"]
[Black "Lam, Pooja"]
[Result "1-0"]
[WhiteElo "2006"]
[BlackElo "1163"]
[Annotator "NA RC"]
[PlyCount "75"]
[EventDate "2022.??.??"]
[TimeControl "60"]

1. e4 c6 2. d4 d5 3. exd5 cxd5 4. c4 Nf6 5. Nc3 dxc4 6. Bxc4 a6 7. Nf3 Nbd7 8. O-O Nb6 9. Bb3 e6 10. Bf4 Bd6 11. Be5 O-O 12. Qe2 Qe7 13.
Bc2 Nfd5 14. Ne4 Bxe5 15. dxe5 Bd7 16. Qd3 g6 17. Qd4 Qd8 18. Rfd1 Rc8 19. Bb3 Ba4 20. Bxa4 Rc4 21. Nf6+ Kg7 22. Qd2 Rxa4 23. b3 Rb4 24. Nd4 Nd7 25. Nxd5 Rxd4 26. Qxd4 exd5 27. Qxd5 Nb6 28. Qxd8 Rxd8 29. Rxd8 h6 30. Rad1 h5 31. R1d6 Nc4 32. bxc4 h4 33. R6d7 h3 34. e6 g5 35. exf7 hxg2 36. f8=Q+ Kg6 37. Qf7+ Kh6 38. Rh8# 1-0

[Event "44th Chess Olympiad Women 2022"]
[Site "Chennai"]
[Date "2022.07.29"]
[Round "1.54"]
[White "Shariff, Sasha Christina"]
[Black "Guillen Cristobal, Sandra N"]
[Result "0-1"]
[WhiteElo "1183"]
[BlackElo "1962"]
[Annotator "NA RC"]
[PlyCount "86"]
[EventDate "2022.??.??"]
[TimeControl "60"]

1. e4 c5 2. Nf3 Nc6 3. d4 cxd4 4. Nxd4 g6 5. c4 Bg7 6. Be3 Nf6 7. Nc3 d6 8. Be2 O-O 9. O-O Bd7 10. b3 a5 11. Nd5 Nxe4 12. f3 Nf6 13.
Nxf6+ Bxf6 14. Rb1 Qb6 15. Nc2 Qc7 16. Qd2 Rfc8 17. Bg5 Bh8 18.
h4 Bf5 19. Bd3 Bxd3 20. Qxd3 Ne5 21. Qe4 e6 22. Nd4 Qc5 23. Be3 f5 24. Qxb7 Nxf3+ 25. Qxf3 Bxd4 26. Bxd4 Qxd4+ 27. Qf2 Qxf2+ 28. Rxf2 Kf7 29. Rd2 Ra6 30. Rc1 Ke7 31. Kf2 Rb6 32. Rb2 Rbc6 33. Rbc2 Rb8 34. Rb1 d5 35. c5 Rb5 36. Rbc1 e5 37. g3 Ke6 38. Kf3 d4 39. Rc4 Kd5 40. R4c2 Rbxc5 41. Rxc5+ Rxc5 42. Rxc5+ Kxc5 43. a3 h5 0-1

[Event "44th Chess Olympiad Women 2022"]
[Site "Chennai"]
[Date "2022.07.29"]
[Round "1.55"]
[White "Elshalom Essayas Berhane"]
[Black "Hng, Mei-Xian Eunice"]
[Result "0-1"]
[WhiteElo "1481"]
[BlackElo "1823"]
[Annotator "NA"]
[PlyCount "90"]
[EventDate "2022.??.??"]
[TimeControl "60"]

1. d4 Nf6 2. Nf3 e6 3. Bf4 c5 4. e3 Qb6 5. Qc1 Nc6 6. c3 Nh5 7. Bg3 Nxg3 8. hxg3 d5 9. Bd3 g6 10. Nbd2 Bg7 11. dxc5 Qxc5 12. Nb3 Qb6 13. e4 dxe4 14. Bxe4 Bd7 15. Qc2 O-O 16. O-O-O Be8 17. Kb1 f5 18. Bxc6 Bxc6 19. Nbd2 Bd5 20. Rhf1 Rac8 21. Ka1 Qa5 22. Nb3 Qa4 23. Nfd4 Rc4 24. Nd2 Rxd4 25. b3 Qc6 26. f3 Rxd2 27. Rxd2 Qxc3+ 28. Qxc3 Bxc3+ 29. Rb2 Rc8 30. Kb1 Bxb2 31.
Kxb2 Kg7 32. Rd1 Kf6 33. Rd4 g5 34. g4 fxg4 35. Rxg4 h5 36.
Ra4 a6 37. Rd4 Ke5 38. Rd2 Kf4 39. Ka3 Ke3 40. Rb2 g4 41. fxg4 hxg4 42. b4 g3 43. Ka4 Rf8 44. b5 axb5+ 45. Rxb5 Bc6 0-1

[Event "44th Chess Olympiad Women 2022"]
[Site "Chennai"]
[Date "2022.07.29"]
[Round "1.55"]
[White "Liu, Yang Hazel"]
[Black "Makda Araya Fessehaye"]
[Result "1-0"]
[WhiteElo "2046"]
[BlackElo "1242"]
[Annotator "NA"]
[PlyCount "57"]
[EventDate "2022.??.??"]
[TimeControl "60"]

1. d4 c5 2. d5 d6 3. e4 Nf6 4. Nc3 g6 5. h3 Qa5 6. Bd2 Bg7 7. Bd3 a6 8. a4 Qb6 9. a5 Qc7 10. Nf3 Bd7 11. Qe2 O-O 12. O-O Bc8 13. Bf4 Nbd7 14. Nd2 Nh5 15. Bh2 Ne5 16. f4 Nxd3 17. Qxd3 b6 18. axb6 Qxb6 19. Nc4 Qc7 20. e5 dxe5 21. fxe5 Bf5 22. Qd1 Bd7 23. e6 Ng3 24. Bxg3 Qxg3 25. exd7 Bd4+ 26. Kh1 Qc7 27. Qf3 Rad8 28. Rxa6 Rxd7 29. Nb5 1-0

[Event "44th Chess Olympiad Women 2022"]
[Site "Chennai"]
[Date "2022.07.29"]
[Round "1.56"]
[White "De Souza, Ivana Claudia Eyram"]
[Black "Demchenko, Svitlana"]
[Result "0-1"]
[WhiteElo "1167"]
[BlackElo "2122"]
[Annotator "NA"]
[PlyCount "60"]
[EventDate "2022.??.??"]
[TimeControl "60"]

1. d4 g6 2. c4 Bg7 3. e3 d6 4. Nf3 Nf6 5. Nc3 O-O 6. Be2 Nbd7 7. O-O e5 8.
Qc2 c6 9. b3 Qc7 10. Bb2 Re8 11. Bd3 Nh5 12. Nd2 f5 13. dxe5 dxe5 14. f3 Nc5 15. Be2 a5 16. a4 Qb6 17. Kh1 Qd8 18. f4 exf4 19. Bxh5 fxe3 20. Nf3 Qd3 21. Qc1 Nxb3 22. Qd1 Qxd1 23. Rfxd1 Nxa1 24. Bxa1 gxh5 25. Re1 f4 26. Ne2 Re4 27. Bxg7 Kxg7 28. g3 Bg4 29. Kg2 fxg3 30. Nxg3 Rf8 0-1

[Event "44th Chess Olympiad Women 2022"]
[Site "Chennai"]
[Date "2022.07.29"]
[Round "1.58"]
[White "Tchouateu Tankeu Stephanie"]
[Black "Otazo Sanchez, Annyd Gabriela"]
[Result "0-1"]
[WhiteElo "1280"]
[BlackElo "1932"]
[Annotator "NA RC"]
[PlyCount "72"]
[EventDate "2022.??.??"]
[TimeControl "60"]

1. d4 Nf6 2. c4 g6 3. Nc3 Bg7 4. Nf3 O-O 5. Bf4 d6 6. e3 Nh5 7. Bd3 Nxf4 8. exf4 c5 9. Ne2 cxd4 10. Nexd4 Qb6 11. Qe2 Bxd4 12. Nxd4 Qxd4 13. O-O Nc6 14. Rad1 Qxf4 15. g3 Qf6 16. Be4 Bh3 17. Bg2 Bxg2 18. Kxg2 Nd4 19. Qe4 e5 20. Qxb7 Rab8 21. Qe4 Rxb2 22. a4 Rfb8 23. Rd3 Re2 24. Re3 Rbb2 25. Rxe2 Rxe2 26. Qxe2 Nxe2 27. Re1 Nd4 28. Re3 Qe6 29. Rc3 h5 30. h4 Qd7 31. a5 Qb7+ 32. Kg1 Ne2+ 33. Kf1 Nxc3 34. Ke1 Qb2 35. Kf1 Ne4 36. Ke1 Qd2+ 0-1

[Event "44th Chess Olympiad Women 2022"]
[Site "Chennai"]
[Date "2022.07.29"]
[Round "1.59"]
[White "Nihaya, Ahmed"]
[Black "Chaves, Jussara"]
[Result "1/2-1/2"]
[WhiteElo "1233"]
[BlackElo "1933"]
[Annotator "NA RC"]
[PlyCount "64"]
[EventDate "2022.??.??"]
[TimeControl "60"]

1. e4 d5 2. exd5 Qxd5 3. Nc3 Qa5 4. Nf3 Nf6 5. d4 c6 6. Bd3 g6 7. O-O Bg7 8. Re1 Bg4 9. h3 Bxf3 10. Qxf3 Nd5 11. Qe2 e6 12. Nxd5 cxd5 13. c3 O-O 14. Bf4 Nc6 15. Qd2 Rfe8 16. Bh6 e5 17. Bxg7 Kxg7 18. dxe5 d4 19. f4 Rad8 20. Qc2 dxc3 21. bxc3 Qc5+ 22. Kh1 Rd7 23. Rad1 Red8 24. Rd2 Rxd3 25. Rxd3 Nb4 26. cxb4 Qxc2 27. Rxd8 Qxa2 28. Rd7 Kh6 29. Rxb7 Qf2 30. Ra1 Qxf4 31. Raxa7 Qf1+ 32. Kh2 Qf4+ 1/2-1/2

[Event "44th Chess Olympiad Women 2022"]
[Site "Chennai"]
[Date "2022.07.29"]
[Round "1.59"]
[White "Silva, Ana Ines Teixeira D"]
[Black "Aishath Alya Mohamed Shareef"]
[Result "1-0"]
[WhiteElo "1775"]
[BlackElo "1110"]
[Annotator "NA"]
[PlyCount "25"]
[EventDate "2022.??.??"]
[TimeControl "60"]

1. e4 e6 2. d4 d5 3. exd5 exd5 4. Nf3 Bd6 5. c4 c6 6. Bd3 Nf6 7. O-O O-O 8. Nc3 h6 9. h3 Be6 10. c5 Bc7 11. b4 Nbd7 12. Be3 a6 13.
a4 1-0

[Event "44th Chess Olympiad Women 2022"]
[Site "Chennai"]
[Date "2022.07.29"]
[Round "1.59"]
[White "Silva, Mariana Sofia T."]
[Black "Nuha, Rilwan"]
[Result "1-0"]
[WhiteElo "1912"]
[BlackElo "1068"]
[Annotator "NA RC"]
[PlyCount "49"]
[EventDate "2022.??.??"]
[TimeControl "60"]

1. d4 Nf6 2. c4 e6 3. g3 d5 4. Bg2 c5 5. cxd5 Nxd5 6. Nf3 Nc6 7. O-O Be7 8.
dxc5 Bxc5 9. Qc2 Be7 10. a3 O-O 11. Rd1 Qb6 12. e4 Nf6 13.
Be3 Qc7 14. Nc3 a6 15. h3 b5 16. e5 Ne8 17. Ne4 Rb8 18. Neg5 Bxg5 19. Nxg5 g6 20. Qxc6 Qxc6 21. Bxc6 Bb7 22. Bxb7 Rxb7 23. Bc5 Nc7 24. Bxf8 Kxf8 25. Rd7 1-0

[Event "44th Chess Olympiad Women 2022"]
[Site "Chennai"]
[Date "2022.07.29"]
[Round "1.60"]
[White "Ramirez, Maria Eugenia"]
[Black "Roberts, Tallulah"]
[Result "1-0"]
[WhiteElo "2005"]
[BlackElo "1536"]
[Annotator "NA RC"]
[PlyCount "43"]
[EventDate "2022.??.??"]
[TimeControl "60"]

1. e4 e6 2. d4 d5 3. exd5 exd5 4. c4 Bb4+ 5. Nc3 Ne7 6. Nf3 O-O 7. Bd3 dxc4 8. Bxc4 Nbc6 9. O-O Bg4 10. Be3 Nf5 11. a3 Bxf3 12. Qxf3 Nfxd4 13. Qh5 Bxc3 14. bxc3 Ne6 15. Rab1 Rb8 16. f4 Qf6 17. Rbc1 b6 18.
f5 Nc5 19. Bg5 Qd6 20. f6 Ne5 21. fxg7 Rfe8 22. Bxf7+ 1-0

[Event "44th Chess Olympiad Women 2022"]
[Site "Chennai"]
[Date "2022.07.29"]
[Round "1.61"]
[White "Almusawi, Maram"]
[Black "Johannsdottir, Johanna Bjorg"]
[Result "0-1"]
[WhiteElo "1349"]
[BlackElo "1976"]
[Annotator "NA RC"]
[PlyCount "54"]
[EventDate "2022.??.??"]
[TimeControl "60"]

1. d4 g6 2. Nf3 Bg7 3. e3 d6 4. Be2 Nd7 5. Nbd2 e5 6. c3 Qe7 7. Qc2 Ngf6 8. Bd3 O-O 9. O-O Nd5 10. Qb3 c6 11. Bc4 N5b6 12. Bd3 Kh8 13.
a4 a5 14. Re1 Nd5 15. Qa2 N7f6 16. Ne4 Nxe4 17. Bxe4 Be6 18. Qb1 f5 19. Bc2 e4 20. Nd2 Qh4 21. Nf1 Nf6 22. Ng3 g5 23. Nf1 Bc4 24. g3 Qh3 25.
Nd2 Ng4 26. Re2 Qxh2+ 27. Kf1 Qxf2# 0-1

[Event "44th Chess Olympiad Women 2022"]
[Site "Chennai"]
[Date "2022.07.29"]
[Round "1.62"]
[White "Mezioud, Amina"]
[Black "Abigail Karyah"]
[Result "1-0"]
[WhiteElo "2024"]
[BlackElo "1455"]
[Annotator "NA RC"]
[PlyCount "21"]
[EventDate "2022.??.??"]
[TimeControl "60"]

1. e4 e5 2. Nf3 d6 3. d4 exd4 4. Nxd4 Nf6 5. Nc3 Be7 6. Be2 O-O 7. Be3 c5 8. Nb3 Nc6 9. O-O Be6 10. f4 Qc7 11. Nd5 1-0

[Event "44th Chess Olympiad Women 2022"]
[Site "Chennai"]
[Date "2022.07.29"]
[Round "1.65"]
[White "Bah, Mariama Djelo"]
[Black "Penafiel Mendoza, Josselyne"]
[Result "0-1"]
[WhiteElo "1008"]
[BlackElo "1804"]
[Annotator "NA RC"]
[PlyCount "72"]
[EventDate "2022.??.??"]
[TimeControl "60"]

1. e4 c5 2. Nf3 d6 3. Nc3 Nf6 4. Bb5+ Bd7 5. O-O a6 6. Bxd7+ Nbxd7 7. d3 e6 8. Bg5 h6 9. Bxf6 Qxf6 10. Qd2 Be7 11. Rae1 O-O 12. h3 b5 13. b3 Rfb8 14. d4 cxd4 15. Nxd4 Rc8 16. Re3 Qg5 17. Re2 Qxd2 18. Rxd2 Rxc3 19. Re1 Rac8 20. Rd3 Bf6 21. Rxc3 Rxc3 22. Re3 Bxd4 23. Rxc3 Bxc3 24. a4 bxa4 25. bxa4 Nc5 26. f3 Nxa4 27. g3 Nb2 28. Kf1 a5 29. h4 a4 30. f4 a3 31. f5 a2 32. fxe6 a1=Q+ 33.
Ke2 Qd1+ 34. Ke3 Nc4+ 35. Kf4 Be5+ 36. Kf5 g6# 0-1

[Event "44th Chess Olympiad Women 2022"]
[Site "Chennai"]
[Date "2022.07.29"]
[Round "1.73"]
[White "Grishina, Alexandra"]
[Black "Inthavong, Maly"]
[Result "1-0"]
[WhiteElo "2012"]
[BlackElo "1231"]
[Annotator "NA"]
[PlyCount "79"]
[EventDate "2022.??.??"]
[TimeControl "60"]

1. Nf3 Nc6 2. d4 Nf6 3. d5 Nb4 4. c4 d6 5. Qa4+ Nc6 6. dxc6 bxc6 7. Qxc6+ Bd7 8. Qa6 e5 9. g3 Ne4 10. Bg2 Nc5 11. Qa5 Bc6 12. Bg5 Be7 13. Bxe7 Qxe7 14. O-O O-O 15. Qd2 f5 16. Nc3 Rab8 17. Nd5 Qd7 18. Rad1 Ne4 19. Qc2 Ba8 20. Nxe5 Qe6 21. Nf3 Rbc8 22. Nd4 Qe8 23. Nxf5 Rxf5 24. Bxe4 Rh5 25. Bf3 Rh6 26. Rd4 Kh8 27. Qe4 Qf7 28. Qf4 Qe8 29. Re4 Qd8 30. Qf7 c6 31. Re7 Rg6 32. Nf4 Rg5 33.
Ne6 Rxg3+ 34. hxg3 Qg8 35. Qxg7+ Qxg7 36. Nxg7 Rg8 37. Ne6 a5 38. Be4 Rg4 39. Bf5 Rxc4 40. Re8# 1-0

[Event "44th Chess Olympiad Women 2022"]
[Site "Chennai"]
[Date "2022.07.29"]
[Round "1.76"]
[White "Ortez, Andrea"]
[Black "Marusic, Nada"]
[Result "1-0"]
[WhiteElo "1908"]
[BlackElo "1955"]
[Annotator "NA"]
[PlyCount "79"]
[EventDate "2022.??.??"]
[TimeControl "60"]

1. e4 e5 2. Nf3 Nc6 3. Bb5 Nf6 4. Qe2 d6 5. c3 Be7 6. d3 a6 7. Ba4 O-O 8. Bg5 Bd7 9. Nbd2 b5 10. Bb3 Rb8 11. h3 b4 12. O-O d5 13.
exd5 Nxd5 14. Bxe7 Ncxe7 15. Qxe5 Bc6 16. c4 Nf6 17. d4 a5 18.
Qxa5 Ra8 19. Qxb4 Nf5 20. Qc5 Qd7 21. Bc2 g6 22. Bxf5 gxf5 23.
Ne5 Qd6 24. Qxc6 Qxc6 25. Nxc6 Rfe8 26. Ne5 Ra5 27. Rfe1 c5 28. Nb3 Ra4 29. Nxc5 Ra7 30. a3 Nh5 31. Nc6 Raa8 32. Ne7+ Kf8 33. Nd7+ Kg7 34. Nxf5+ Kg6 35. Nd6 Red8 36.
Ne5+ Kg7 37. Nexf7 Rd7 38. Re5 Nf6 39. c5 Rf8 40. Rg5# 1-0

[Event "44th Chess Olympiad Women 2022"]
[Site "Chennai"]
[Date "2022.07.30"]
[Round "2.1"]
[White "Campos, Maria Jose"]
[Black "Vaishali R"]
[Result "0-1"]
[WhiteElo "2185"]
[BlackElo "2442"]
[Annotator "TA"]
[PlyCount "180"]
[EventDate "2022.??.??"]
[TimeControl "60"]

1. c4 Nf6 2. g3 e6 3. Bg2 d5 4. Nf3 dxc4 5. O-O a6 6. a4 Nc6 7. Na3 {[%emt 0:01:00] A13: English
Opening: 1...e6.} Bxa3 8. Rxa3 e5 {[%emt 0:
00:00][%cal Ye6e5,Ye5e4] [#]} 9. b3 $146 {[%emt 0:05:32] The position is equal.
} ({Predecessor:} 9. a5 O-O 10. Qa4 Be6 11. Ng5 Bd7 12. Qxc4 Nd4 13. Bxb7 Bb5
14. Qc5 Rb8 15. Bg2 Nd7 {0-1 (15) Wolfram,B (2228)-Juhasz,K (2356) Austria 2014
}) 9... cxb3 10. Rxb3 O-O $1 11. Bb2 Re8 12. Qa1 e4 13. Nh4 (13. Ng5 $5 ) 13... Na5 $1 14. Rb4 Qxd2 15. Bc3 {[%emt 0:00:39] A strong pair of Bishops.} Qg5 16.
Bxf6 Qxf6 ({Don't play} 16... gxf6 17. Rxe4
Rxe4 18. Bxe4 $11) 17. Qxf6 gxf6 18. Rc1 c6 19. Bxe4 Bd7 20. f4 (20. Bd3 $11 {keeps the balance.}) 20... b5 21. Rc5 $2 (21. axb5 $15 axb5 22. Bd3) 21...
Nb7 $1 $19 22. Rh5 {[%emt 0:01:51] [#]} Rxe4 23. Rxe4 Bg4 24. Rh6 Kg7 25. f5 Bxe2 26. Rxe2 (26. Rxh7+ $142 Kxh7 27. Rxe2) 26... Kxh6 {[%emt 0:00:03]
Endgame KRN-KRN} 27. Re7 Nd8 ({Weaker is} 
27... bxa4 28. Rxb7 a5 29. Kf2 $16 (29. Rxf7 $2 a3 $19)) 28. Nf3 Rb8 29. Nd2 $2 (29. Ra7) 29... bxa4 30. Ra7 Rb2 31. Nc4 Rc2 32. Ne3 Re2 (
32... Rc3 $142 33. Kf2 a3) 33. Nc4 Rc2 $2 (
33... Re4 34. Nb6 Kg5 35. Rxa6 Kxf5 36. Nxa4 Ne6) 34. Ne3 Rc3 35. Kf2 a3 $1 {[%emt 0:00:00][%cal Yd8b7]
And now ...Nb7! would win.} 36. Rxa6 Nb7 $1 37. h4 Nd6 38. Ra4 Kg7 39. Ke2 Rb3 40. g4 h6 41. Kd2 Nb5 42.
Nc4 $2 (42. h5 {was the only defense.}) 42... Rh3 43. h5 (43. Ne3 $142 Rxh4 44. Ra5) 43... Nc3 44. Ra8 Ne4+ 45. Ke2 a2
{[%emt 0:00:00] ...Nc3+ is the strong threat.} 46. Ne3 Rh1 47. Nc2 {[%emt 0:00:00] Against a1Q} Rh2+ 48.
Kd3 Rd2+ 49. Kxe4 Rxc2 {
[%emt 0:00:00] KR-KR} 50. Kd4 Rg2 (50... c5+
$142 51. Kd5 c4) 51. Kc5 $2 (51. Ke3) 51... Rxg4 52. Rxa2 Rg5 53. Rf2 Rxh5 54. Kxc6 Rg5 55. Kd5 h5 $2 (55... Rg4 {White must now prevent ...
h5.} 56. Rh2 Rf4) 56. Ke4 Rg4+ 57. Kf3 Kh6 58. Ra2 Kg5 59. Ra7 Rf4+ 60. Kg2 Kxf5 61. Rxf7 Kg4 62. Rg7+ Kh4 $1 63. Rf7 Rf5 64. Rf8 Kg4 65. Ra8 h4 66. Rh8 Rb5 {[%emt 0:00:00] aiming for ...
Rb2+.} 67. Rg8+ Rg5 68. Rf8 f5 69. Rh8 f4 70. Rh7 $2 {[%emt 0:05:36] [#]} (70. Rb8 $19) 70... Ra5 $2 (70... f3+ $1 {mates} 71. Kf2 h3 72. Rh8 Rg6 73. Rh7 Rg8 74. Rh6 Rc8 75. Rg6+
Kh5 76. Rg7 h2 77. Rd7 Rc1 78. Rh7+ Kg4 79. Rg7+ Kf5 80. Rh7 h1=Q 81. Rxh1 Rxh1
82. Kxf3 Re1 83. Kf2 Re8 84. Kg3 Re3+ 85. Kh2 Kg4 86. Kg2 Re2+ 87. Kf1 Kf3 88.
Kg1 Re1+ 89. Kh2 Rc1 90. Kh3 Rh1#) 71. Rg7+ $11 Kf5 (71... Kh5 $5 72. Kf3 Rf5 $11) 72. Kh3 Ra1 73. Kg2 $1 Ra2+ 74. Kf3 $1 Ra3+ 75. Kf2 Rg3 76.
Rf7+ Kg5 (76... Ke4 $15 77. Re7+ Kf5) 77. Rf8 Ra3 78. Kg2 $2 {[%emt 0:00:34] [#]} (78. Rg8+
$11 {and White is okay.} Kf5 79. Rf8+ Ke5 80. Re8+ Kf6 81. Rh8) 78... h3+ $1
$19 79. Kf2 Ra6 {[%emt 0:02:16] Threatens to
win with ...Rg6.} 80. Rg8+ $2 (80. Kg1 $19) 80... Rg6 81. Rh8 Rh6 $2 (81... Kg4 {
( -> ...Rg5)} 82. Ra8 Rg5) 82. Rg8+ Kf5 83.
Rf8+ Ke5 84. Re8+ Kf6 85. Re1 $2 (85. Rb8 $19) 85... h2 {[%emt 0:00:
14] Black mates.} 86. Rh1 Kf5 87. Kf3 Rh3+ 88. Kg2 Kg4 89. Rxh2 Rxh2+ 90. Kxh2 Kf3 {[%emt 0:00:05] Weighted Error Value: White=0.51/Black=0.23 (precise)} 0-1

[Event "44th Chess Olympiad Women 2022"]
[Site "Chennai"]
[Date "2022.07.30"]
[Round "2.1"]
[White "Sarquis, Maria Belen"]
[Black "Kulkarni Bhakti"]
[Result "0-1"]
[WhiteElo "2072"]
[BlackElo "2373"]
[Annotator "TA"]
[PlyCount "88"]
[EventDate "2022.??.??"]
[TimeControl "60"]

1. e4 e5 2. Nf3 Nc6 3. Bc4 Nf6 4. d3 h6 5. c3 d6 6. O-O g5 $1 {[%emt 0:01:24] is currently
scoring better than 6...g6. C55: Two Knights: 4 d3, 4 d4 exd4 5 e5 and Max
Lange Attack.} 7. Re1 Bg7 8. Bb3 Qe7 {[%emt 0:03:28] White has an edge.} 9. Na3 Be6 10. Nc4 {[%emt 0:04:13] [#]} g4 $146 ({
Predecessor:} 10... Nh7 11. Ne3 O-O 12. h3 Na5 13. Bc2 Kh8 14. d4 Nc4 15. Nf5
Bxf5 16. exf5 Rae8 17. Qd3 Nb6 18. f6 Nxf6 19. dxe5 dxe5 20. Nxe5 Qd6 21. Nxf7+
{1-0 (21) Zhigalko,S (2572)-Seo,J (2470) Chess.com INT 2022}) 11. Nfd2 Qd7 12. Ne3 h5 13. Ndf1 (13. Ba4 $14) 13... O-O-O $11 14. Ba4 d5 15. exd5 (15. Ng3
$11 {remains equal.}) 15... Nxd5 $17 16. Nc4 f6 (16... h4 $17) 17. Qe2 (17.
d4 $15) 17... Bf5 (17... Kb8 $17 18. Na5 Nde7) 18. d4 (18. Na5 $1 $11 Nde7 19. d4) 18... exd4 $15 19. cxd4 Ndb4 (19... Rhe8 $17 20. Qd1 Rxe1
21. Qxe1 Ndb4) 20. Na5 $1 $11 Bd3 {[%emt 0:09:53] Against Qb5}
21. Bxc6 (21. Nxc6 $11 Bxe2 22. Nxa7+ Kb8 23. Bxd7 Bxf1 24.
Rxf1) 21... bxc6 $17 22. Qd1 Qxd4 23. Qb3 Qb6 {[%emt 0:00:00] And
now ...Bxf1 would win. Chess con chili.} 24. Bd2 c5 25. Bxb4 cxb4 (25... Qxb4 $2 26. Qe6+
Rd7 27. Rad1 $18) 26. Nc4 Qb5 27. Rac1 Bh6 $1 {[%emt 0:01:30] A strong pair of Bishops.} 28. Nce3 (28. Rc3 $142 Bg6 29. a3) 28... Rd7 {[%emt 0:01:54] Active
counter play!} 29. Qe6 f5 ({Black should try
} 29... Rhd8 $17 30. Nd2 Bxe3 31. Qxe3 Qb6) 30. Red1 Kb8 {[%emt 0:00:34] Strongly threatening ...Bg5.} (30... Bxe3 $5 31.
Qxe3 a6 $15) 31. Rc5 Qxc5 32. Qxd7 Be4 $36 {[%emt 0:00:47] Black has strong initiative.} 33. Nd5 h4 (33... Bg5 $17 {White must now prevent
...Rd8.} 34. Qg7 Rd8 35. Qxg5 Rxd5) 34. Nf6 $2 {[%emt 0:00:00] [#]} (34. Rd4
$11 {and White is okay.} a5 35. b3) 34... Bc6 $1 $19 35. Qe6 {
[%emt 0:00:38] [#]} Bf4 (35... Bg5 $1 $19 36. Nd5 g3 37. hxg3
hxg3 38. Nxg3 Rd8) 36. Nd7+ $17 Bxd7 37. Qxd7 g3 38. Qd4 {[%emt 0:00:00] Now White is
beyond hope.} (38. hxg3 $17 {only move.} hxg3 39. Qd4 gxf2+ 40. Kxf2 Qc2+ 41.
Rd2 Bxd2 42. Qxh8+ Kb7 43. Nxd2 Qxd2+ 44. Kg1) 38... gxf2+ $19 39. Qxf2 Bd6 40. Rd2 Re8 41. Rc2 Qd5 {[%emt 0:00:00] Threatens to win
with ...h3.} 42. b3 $2 (42. h3 Qxa2 43. Qxh4) 42... h3 {
[%emt 0:00:00] aiming for ...hxg2. Black is clearly winning.} 43. g3 Re5 44. Rd2 Qc6 {[%emt 0:00:00]
Weighted Error Value: White=0.57/Black=0.19 (very precise)} 0-1